 Dungeon Crawl Stone Soup version 0.29.1-2-gbd0b4ee654 (webtiles) character file.

Game seed: 495488647661517088

352 safid the Shooter (level 6, -3/57 HPs)
             Began as a Minotaur Hunter on Nov 28, 2022.
             Slain by a gnoll
             ... wielding a +1 flail of pain
              (10 damage)
             ... on level 4 of the Dungeon.
             The game lasted 00:04:01 (2370 turns).

safid the Shooter (Minotaur Hunter)                 Turns: 2370, Time: 00:04:02

Health: -3/57      AC:  4    Str: 16    XL:     6   Next: 35%
Magic:  5/5        EV: 12    Int:  6    God:
Gold:   232        SH:  0    Dex: 15    Spells: 5/5 levels left

rFire   . . .      SeeInvis .   a - +0 shortbow
rCold   . . .      Faith    .   (shield currently unavailable)
rNeg    . . .      Spirit   .   c - +0 leather armour
rPois   .          Reflect  .   (helmet restricted)
rElec   .          Harm     .   b - +0 cloak
rCorr   .          Rampage  .   (no gloves)
Will    .....                   (no boots)
Stlth   +.........              (no amulet)
HPRegen 0.19/turn               (no ring)
MPRegen 0.09/turn               (no ring)

@: no status effects
A: horns 2, retaliatory headbutt
a: no special abilities


You were on level 4 of the Dungeon.
You visited 1 branch of the dungeon, and saw 4 of its levels.

You collected 232 gold pieces.

Inventory:

Hand Weapons
 a - a +0 shortbow (weapon)
Armour
 b - a +0 cloak (worn)
 c - a +0 leather armour (worn)
Wands
 q - a wand of flame (30)
Scrolls
 d - 3 scrolls of identify {unknown}
 g - a scroll of enchant armour {unknown}
 m - a scroll of summoning {unknown}
 n - a scroll of poison {unknown}
 o - a scroll of brand weapon {unknown}
 r - a scroll of teleportation {unknown}
 s - a scroll of acquirement {unknown}
 t - a scroll of vulnerability {unknown}
 u - a scroll of fear {unknown}
 w - a scroll of amnesia {unknown}
 x - a scroll of butterflies {unknown}
Potions
 e - a potion of berserk rage {unknown}
 f - a potion of degeneration {unknown}
 h - a potion of magic {unknown}
 i - 2 potions of flight {unknown}
 j - 2 potions of cancellation {unknown}
 k - 3 potions of invisibility {unknown}
 l - 2 potions of lignification {unknown}
 p - a potion of curing {unknown}
 v - a potion of heal wounds {unknown}


   Skills:
 + Level 6.0 Fighting
 + Level 6.7 Ranged Weapons
 - Level 2.1 Dodging
 - Level 0.7 Stealth


You had 5 spell levels left.
You didn't know any spells.
Your spell library contained the following spells:

 Spells                   Type           Power      Damage    Failure   Level
 Sandblast                Erth           0%         2d4       52%         1
 Passwall                 Tmut/Erth      0%         N/A       67%         2
 Stone Arrow              Conj/Erth      0%         3d7       88%         3


Dungeon Overview and Level Annotations

Branches:
Dungeon (4/15)
 Temple: D:4-7

Altars:
Dithmenos
Trog
Yredelemnul


Innate Abilities, Weirdness & Mutations

You have a pair of horns on your head.
You reflexively headbutt those who attack you in melee.


Message History

The gnoll barely misses you.
You shoot an arrow. The arrow hits the gnoll.
The gnoll is severely wounded.
The gnoll hits you with a +1 flail of pain!
The gnoll hits you with a +0 club.
You shoot an arrow. The arrow hits the gnoll.
You kill the gnoll!
The gnoll hits you with a +1 flail of pain!
You writhe in agony.
You are too injured to fight recklessly!
You are too injured to fight recklessly!
Unknown command.
Fire: a) +0 shortbow
Press: ? - help, Q - select action, (/) - cycle Shift-Dir - straight line, f - gnoll
Aim: a gnoll, wielding a +1 flail of pain (69% to hit)
You shoot an arrow. The arrow hits the gnoll!
The gnoll is heavily wounded.
The gnoll hits you with a +1 flail of pain!
* * * LOW HITPOINT WARNING * * *
Fire: a) +0 shortbow
Press: ? - help, Q - select action, (/) - cycle Shift-Dir - straight line, f/p - gnoll
Aim: a gnoll, wielding a +1 flail of pain (heavily wounded, 69% to hit)
You shoot an arrow. The arrow hits the gnoll.
The gnoll is severely wounded.
The gnoll barely misses you.
Unknown command.
Fire: a) +0 shortbow
Press: ? - help, Q - select action, (/) - cycle Shift-Dir - straight line, f/p - gnoll
Aim: a gnoll, wielding a +1 flail of pain (severely wounded, 69% to hit)
You shoot an arrow. The arrow barely misses the gnoll.
The gnoll hits you with a +1 flail of pain.
* * * LOW HITPOINT WARNING * * *
The gnoll closely misses you. You furiously retaliate!
You headbutt the gnoll.
Fire: a) +0 shortbow
Press: ? - help, Q - select action, (/) - cycle Shift-Dir - straight line, f/p - gnoll
Aim: a gnoll, wielding a +1 flail of pain (almost dead, 69% to hit)
You shoot an arrow. The arrow hits the gnoll.
The gnoll is almost dead.
The gnoll hits you with a +1 flail of pain!
You die...

#..........#....##.
#..........+....##.
#.....>....#....#.. #.
......###+###.
######.####...........#.
..........#...........##
.)..g.....#.............
#)g.#.............
#@..#.............
#...#.............
##'###...........).
#..................
#..................
+..................
#.............)....
#................##
##....#+#####....#


You could see a gnoll.

Vanquished Creatures
  An ogre (D:4)
  2 orc priests (D:4)
  An orc wizard (D:3)
  6 adders
  3 gnolls (D:4)
  2 dart slugs
  13 orcs
  5 ball pythons
  10 endoplasms
  A giant cockroach (D:1)
  3 goblins (D:2)
  12 hobgoblins
  A quokka (D:2)
  6 bats
  4 frilled lizards (D:2)
  11 kobolds
  7 rats
88 creatures vanquished.

Vanquished Creatures (others)
  A plant (D:2)
1 creature vanquished.

Grand Total: 89 creatures vanquished

Notes
Turn   | Place    | Note
-------+----------+-------------------------------------------
     0 | D:1      | safid the Minotaur Hunter began the quest for the Orb.
     0 | D:1      | Reached XP level 1. HP: 18/18 MP: 0/0
   110 | D:1      | Reached XP level 2. HP: 25/25 MP: 1/1
   636 | D:2      | Reached skill level 5 in Ranged Weapons
   636 | D:2      | Reached XP level 3. HP: 29/31 MP: 2/2
  1012 | D:2      | Found a faded altar of an unknown god.
  1074 | D:2      | Reached XP level 4. HP: 40/40 MP: 3/3
  1444 | D:3      | Found a basalt altar of Yredelemnul.
  1565 | D:3      | Reached XP level 5. HP: 42/47 MP: 4/4
  1644 | D:3      | Found a shadowy altar of Dithmenos.
  1645 | D:3      | Found a bloodstained altar of Trog.
  1863 | D:4      | Noticed an ogre
  1868 | D:4      | Killed an ogre
  1869 | D:4      | Reached skill level 5 in Fighting
  2028 | D:4      | Reached XP level 6. HP: 44/57 MP: 5/5
  2370 | D:4      | Slain by a gnoll

Illustrated notes

Levels and vault maps discovered:
D:1:      minmay_arrival_jagged, layout_basic
D:2:      minmay_recursive_quarters, layout_basic,
          chequers_ecumenical_altar_lobes
D:3:      layout_rooms, yredelemnul_altar_generic, grunt_temple_overflow_open,
          corexii_shack
D:4:      cheibrodos_pilgrimage, layout_gridville, serial_shops,
          nicolae_diamond_shop

Skill      XL: |  1  2  3  4  5  6 |
---------------+-------------------+-----
Fighting       | 3 4 5 6 |  6.0
Ranged Weapons | 5 6 |  6.7
Dodging        | |  2.1
Stealth        | |  0.7

Action                   |  1- 3 |  4- 6 || total
-------------------------+-------+-------++-------
 Fire: Shortbow          |   100 |   114 ||   214
Armor: Leather armour    |    17 |     8 ||    25
Dodge: Dodged            |    17 |    19 ||    36
